 Dungeon Crawl Stone Soup version 0.30-a0-140-gd1020e658a (webtiles) character file.

Game seed: 10841921210295307779

66812 KennySheep the Cleaver (level 15, -1/129 HPs)
             Began as a Naga Earth Elementalist on Sept 24, 2022.
             Was the Champion of Lugonu.
             Killed by divine providence
             ... invoked by a meliai
              (10 damage)
             ... on level 15 of the Dungeon on Sept 25, 2022.
             The game lasted 01:53:10 (27823 turns).

KennySheep the Cleaver (Naga Earth Elementalist)   Turns: 27823, Time: 01:53:10

Health: -1/129     AC: 23    Str: 14    XL:     15   Next: 21%
Magic:  9/23       EV: 13    Int: 28    God:    Lugonu [******]
Gold:   599        SH:  7    Dex: 14    Spells: 1/29 levels left

rFire   . . .      SeeInvis +    b - +8 broad axe of Purpose {elec, Dex+3}
rCold   . . .      Faith    .    d - +2 buckler {AC+3}
rNeg    . . .      Spirit   .    N - +0 robe "Ucemavun" {Will+ Int+2}
rPois   +          Reflect  .    H - +1 helmet
rElec   +          Harm     .    (no cloak)
rCorr   +          Rampage  .    i - +2 pair of gloves "Goyvvil" {rElec}
Will    +++..                    K - +4 barding of Ceatem {rCorr}
Stlth   ++++......               (no amulet)
HPRegen 0.31/turn                T - +6 ring of intelligence
MPRegen 0.18/turn                t - +4 ring of evasion

@: very slow
A: AC +5, large, see invisible, deformed body, poison resistance, slowness 2,
spit poison 1, naga tail 2, stinger 1, low MP 1, strong-willed 1, mutation
resistance 1
a: Spit Poison, Renounce Religion, Depart the Abyss, Bend Space, Banish,
Corrupt, Enter the Abyss, Brand Weapon With Distortion


You were on level 15 of the Dungeon.
You worshipped Lugonu.
Lugonu was exalted by your worship.
You visited 4 branches of the dungeon, and saw 23 of its levels.

You collected 2240 gold pieces.
You spent 1641 gold pieces at shops.

Inventory:

Hand Weapons
 b - the +8 broad axe of Purpose (weapon) {elec, Dex+3}
   (You found it on level 1 of the Lair of Beasts)

   It occasionally discharges a powerful burst of electricity upon striking a
   foe.
   Dex:       It affects your dexterity (+3).
 G - the +3 hand axe "Kamn" {vorpal, Str+9}
   (You found it on level 4 of the Lair of Beasts)

   It inflicts extra damage upon your enemies.
   Str:       It affects your strength (+9).
Missiles
 r - 2 throwing nets
Armour
 d - a +2 buckler of protection (worn)
 i - the +2 pair of gloves "Goyvvil" (worn) {rElec}
   (You found it on level 5 of the Dungeon)

   rElec:     It insulates you from electricity.
 H - a +1 helmet (worn)
 K - the +4 barding of Ceatem (worn) {rCorr}
   (You acquired it on level 4 of the Lair of Beasts)

   rCorr:     It protects you from acid and corrosion.
 N - the +0 robe "Ucemavun" (worn) {Will+ Int+2}
   (You bought it in a shop on level 6 of the Dungeon)

   Int:       It affects your intelligence (+2).
   Will:      It increases your willpower.
Magical Staves
 a - a staff of conjuration
Jewellery
 q - a ring of magical power
 t - a +4 ring of evasion (right hand)
 T - a +6 ring of intelligence (left hand)
Wands
 k - a wand of paralysis (21)
 y - a wand of mindburst (25)
 B - a wand of flame (69)
 I - a wand of polymorph (21)
 J - a wand of iceblast (8)
Scrolls
 c - 2 scrolls of enchant armour
 e - 3 scrolls of vulnerability
 f - a scroll of brand weapon
 h - 4 scrolls of identify
 m - 4 scrolls of immolation
 o - 4 scrolls of poison
 s - 3 scrolls of magic mapping
 u - 2 scrolls of torment
 w - 3 scrolls of butterflies
 D - 3 scrolls of amnesia
 E - 4 scrolls of blinking
 F - 9 scrolls of teleportation
 O - a scroll of enchant weapon
 Q - 4 scrolls of fear
Potions
 g - 3 potions of attraction
 j - 5 potions of haste
 l - a potion of berserk rage
 n - 5 potions of brilliance
 p - 4 potions of might
 v - 2 potions of mutation
 x - 4 potions of lignification
 z - 9 potions of curing
 A - 4 potions of ambrosia
 C - 2 potions of flight
 M - a potion of heal wounds
 R - a potion of cancellation
 S - a potion of resistance
Miscellaneous
 L - a tin of tremorstones (2/2)
 P - a lightning rod (4/4)


   Skills:
 + Level 7.3 Fighting
 * Level 11.6 Axes
 - Level 3.9 Staves
 - Level 4.1 Armour
 - Level 5.4 Dodging
 - Level 10.1 Stealth
 - Level 4.0 Shields
 - Level 7.6 Spellcasting
 - Level 9.4 Conjurations
 * Level 8.9 Transmutations
 - Level 5.2 Air Magic
 * Level 10.0 Earth Magic
 - Level 6.5 Invocations
 - Level 3.9 Evocations


You had one spell level left.
You knew the following spells:

 Your Spells              Type           Power      Damage    Failure   Level
a - Sandblast             Erth           100%       2d20      1%          1
b - Lightning Bolt        Conj/Air       25%        1d41      9%          5
c - Stone Arrow           Conj/Erth      100%       3d13      1%          3
d - Petrify               Tmut/Erth      59%        N/A       1%          4
e - Static Discharge      Conj/Air       100%       2-7/arc   1%          2
f - Irradiate             Conj/Tmut      29%        3d21      4%          5
g - Statue Form           Tmut/Erth      39%        N/A       21%         6
z - Passwall              Tmut/Erth      49%        N/A       1%          2

Your spell library contained the following spells:

 Spells                   Type           Power      Damage    Failure   Level
 Magic Dart               Conj           100%       1d8       1%          1
 Apportation              Tloc           20%        N/A       6%          1
 Necrotise                Necr           40%        1d6       6%          1
 Summon Small Mammal      Summ           40%        N/A       6%          1
 Mephitic Cloud           Conj/Pois/Air  37%        N/A       2%          3
 Lee's Rapid Deconstruct  Erth           30%        3d17*     3%          5
 Blade Hands              Tmut           28%        N/A       4%          5
 Ignite Poison            Fire/Tmut/Pois 27%        N/A       5%          3
 Leda's Liquefaction      Hex/Erth       19%        N/A       9%          4
 Sticky Flame             Conj/Fire      37%        2d6       9%          4
 Arcjolt                  Conj/Air       25%        1d35      9%          5
 Call Imp                 Summ           10%        N/A       10%         2
 Ice Form                 Ice/Tmut       35%        N/A       10%         4
 Call Canine Familiar     Summ           10%        N/A       19%         3
 Frozen Ramparts          Ice            20%        1d4       19%         3
 Portal Projectile        Hex/Tloc       20%        N/A       19%         3
 Summon Guardian Golem    Hex/Summ       10%        N/A       19%         3
 Tukima's Dance           Hex            10%        N/A       19%         3
 Alistair's Intoxication  Tmut/Pois      23%        N/A       28%         5
 Anguish                  Hex/Necr       5%         N/A       54%         4
 Dispel Undead            Necr           10%        3d9       54%         4
 Summon Ice Beast         Ice/Summ       10%        N/A       54%         4
 Dragon Form              Tmut           28%        N/A       80%         7
 Eringya's Noxious Bog    Tmut/Pois      17%        N/A       83%         6
 Summon Forest            Summ/Tloc      5%         N/A       87%         5
 Enfeeble                 Hex            5%         N/A       100%        7
 Summon Hydra             Summ           5%         N/A       100%        7
 Maxwell's Capacitive Co  Air            19%        ∞         100%        8


Dungeon Overview and Level Annotations

Branches:
Dungeon (15/15)            Temple (1/1) D:4            Lair (5/5) D:8
  Swamp (0/4) Lair:3        Snake (0/4) Lair:2        Slime (0/5) Lair:4
    Orc (2/2) D:10            Elf (0/3) Orc:2        Vaults (0/5) D:14
 Depths (0/4) D:15

Altars:
Ashenzari
Cheibriados
Dithmenos
Elyvilon
Fedhas
Gozag
Hepliaklqana
Kikubaaqudgha
Makhleb
Nemelex Xobeh
Okawaru
Qazlal
Ru
Sif Muna
Trog
Uskayaw
Vehumet
Wu Jian
Xom
Yredelemnul
Zin
The Shining One
Jiyva
Lugonu

Shops:
D:4 [   D:6 *   D:15 :   Orc:1 :   Orc:2 *(:(

Portals:
Trove: D:11 (give +5 ice dragon scales)
Ice
Cave: D:15

Annotations:
D:3 1 runed translucent door, Crazy Yiuf
D:14 1 runed translucent door, Frances; jlumianski's ghost, journeyman GrGl
D:15 corrupted
Lair:2 3 runed translucent doors, ytrimaz's ghost, journeyman DsGl
Lair:4 3 runed translucent doors, Ablaaz's ghost, journeyman MfGl
Abyss:1 Azrael


Innate Abilities, Weirdness & Mutations

Your serpentine skin is tough. (AC +5)
You have supernaturally acute eyesight. (SInv)
Armour fits poorly on your strangely shaped body.
Your system is resistant to poisons. (rPois)
You cover ground very slowly.
You can spit poison.
You can use your snake-like lower body to constrict enemies.
Your tail ends in a venomous barb.
Your magical capacity is low. (-10% MP)
You are strong-willed. (Will+)
You are somewhat resistant to further mutation.


Message History

The deep troll claws you but does no damage.
You block the deep troll's attack.
Activating: Corrupt (22% risk of failure)
Press: ? - help, Dir - look around, f - activate You fail to use your ability.
The meliai mumbles some strange prayers to its god against you.
Something smites you!
The meliai calls upon its god to heal the meliai.
The meliai is healed somewhat.
The meliai hits you with a +0 hand axe.
The meliai stings you but does no damage.
The meliai hits you with a +0 war axe. The meliai barely misses you.
The meliai closely misses you. You block the meliai's attack.
You block the deep troll's attack.
The deep troll claws you but does no damage.
You block the deep troll's attack.
Activating: Corrupt (22% risk of failure)
Press: ? - help, Dir - look around, f - activate Lugonu's Hand of Corruption reaches out!
The meliai hits you but does no damage. You block the meliai's attack.
The meliai barely misses you.
The meliai hits the soul eater but does no damage.
You block the meliai's attack. The meliai closely misses you.
The meliai stings you.
* * * LOW HITPOINT WARNING * * *
The meliai misses you. The meliai closely misses you.
The meliai calls down the wrath of its god upon you.
Something smites you!
* * * LOW HITPOINT WARNING * * *
The meliai barely misses you.
The meliai stings you but does no damage.
The deep troll bites you!
* * * LOW HITPOINT WARNING * * *
The deep troll claws you but does no damage. x2
Found a great sword.
Blink to where?
Press: ? - help, Dir - move target
As you read the scroll of blinking, it crumbles to dust.
The meliai calls down the wrath of its god upon you.
Something smites you!
You die...

#.## #. #..# #. #####..# #####.
###......# #############.....
##.#.##*#.# #.......).....###.
##.....###.# #.##########..# ##
##...♣...##.# #.# #..#
#.........#.####.###******#..#
##..♣∩♣..##.....@..#.........#
##...........[.......#...#..#
##.♣....................#.##***
#.##########x......##.)#..,,,*
#.#### #.X.#......##.#.*,,*
#....# #..#..?...#..#,.,*,*
####.#######..3yyTC.p..#,..,,*
#...##...##...#§.#x##.*>,,*,,
#.#...........y...###.####,**


You could see an ettin, a deep troll, a wizard, 2 meliai, a neutral starcursed
mass (summoned, distracted), a neutral soul eater (summoned, distracted), a
neutral worldbinder (summoned, distracted) and a neutral small abomination
(summoned, distracted).

Vanquished Creatures
  An azure jelly (D:15)
  Snorg (D:11)
  4 hydras
  Fannar (Lair:3)
  6 centaur warriors
  A catoblepas (Lair:5)
  A death knight (D:15)
  2 dancing weapons (D:14)
  3 boulder beetles
  3 two-headed ogres
  4 orc high priests (Orc:2)
  4 orc knights (Orc:2)
  Pikel (D:8)
  A deep elf pyromancer (D:12)
  2 deep elf zephyrmancers (Orc:2)
  4 orc sorcerers (Orc:2)
  8 cyclopes
  3 oklob plants (Lair:3)
  7 ugly things
  A manticore (D:11)
  8 elephants
  2 black mambas
  2 gargoyles
  12 cane toads
  4 unseen horrors
  4 rime drakes
  A kobold demonologist (D:11)
  3 freezing wraiths (D:15)
  A meliai (shapeshifter) (D:14)
  6 komodo dragons
  2 polar bears
  3 meliai (D:13)
  8 trolls
  A dream sheep (Lair:4)
  15 blink frogs
  2 shadows
  2 wraiths
  A yak (shapeshifter) (D:14)
  32 yaks
  4 basilisks
  A wyvern (D:11)
  4 vampire mosquitoes
  Grum (D:9)
  2 steam dragons
  Menkaure (D:5)
  2 acid dragons
  5 wargs
  14 water moccasins
  6 hell hounds
  15 orc warriors
  A swamp drake (Orc:2)
  2 sky beasts
  An ice beast (D:7)
  5 black bears
  4 ogres
  15 wolves
  11 centaurs
  2 kobold brigands
  2 gnoll sergeants
  7 scorpions
  12 bullfrogs
  18 wights
  10 killer bees
  6 howler monkeys
  A crimson imp (Orc:2)
  3 hounds
  3 jellies
  17 orc priests
  An iron imp (Orc:2)
  4 iguanas
  6 hell rats
  28 orc wizards
  8 gnolls
  7 adders
  5 river rats (Lair:4)
  2 shadow imps
  5 white imps
  An ufetubus (D:6)
  3 worms
  2 dart slugs (D:2)
  88 orcs
  8 endoplasms
  2 giant cockroaches
  6 goblins
  9 hobgoblins
  2 jackals (D:1)
  5 quokkas
  9 ball pythons
  3 bats
  4 frilled lizards
  18 kobolds
  8 rats
576 creatures vanquished.

Vanquished Creatures (others)
  2 orc wizards (Orc:2)
  59 fungi
  81 plants
  2 withered plants (D:14)
144 creatures vanquished.

Grand Total: 720 creatures vanquished

Notes
Turn   | Place    | Note
-------+----------+-------------------------------------------
     0 | D:1      | KennySheep the Naga Earth Elementalist began the quest for
                  | the Orb.
     0 | D:1      | Reached XP level 1. HP: 15/15 MP: 3/3
   416 | D:1      | Reached XP level 2. HP: 21/22 MP: 0/5
   419 | D:1      | Learned a level 2 spell: Passwall
   827 | D:1      | Reached XP level 3. HP: 30/30 MP: 6/6
   843 | D:1      | Learned a level 3 spell: Stone Arrow
  1374 | D:2      | Found a faded altar of an unknown god.
  1378 | D:2      | Prayed at the altar of an unknown god.
  1378 | D:2      | Became a worshipper of Lugonu the Unformed
  1378 | D:2      | Reached * piety under Lugonu
  1378 | D:2      | Reached ** piety under Lugonu
  1798 | D:2      | Reached XP level 4. HP: 37/37 MP: 4/7
  1902 | D:3      | Identified the +9 whip of the Endless March {holy, rF++}
  2028 | D:3      | Reached skill level 1 in Conjurations
  2475 | D:3      | Reached skill level 1 in Fighting
  2533 | D:3      | Reached XP level 5. HP: 42/44 MP: 1/8
  2629 | D:3      | Reached skill level 1 in Invocations
  2637 | D:3      | HP: 2/44 [orc/+0 falchion (5)]
  2946 | D:3      | Gained mutation: Your tail ends in a venomous barb. [potion
                  | of mutation]
  2946 | D:3      | Gained mutation: You are occasionally teleported next to
                  | monsters. [potion of mutation]
  2946 | D:3      | Gained mutation: You have a somewhat thin skeletal
                  | structure. (Dex +2, Stealth+) [potion of mutation]
  2947 | D:3      | Lost mutation: Your tail ends in a venomous barb. [potion
                  | of mutation]
  2947 | D:3      | Lost mutation: You have a somewhat thin skeletal structure.
                  | (Dex +2, Stealth+) [potion of mutation]
  2947 | D:3      | Lost mutation: You are occasionally teleported next to
                  | monsters. [potion of mutation]
  2947 | D:3      | Gained mutation: You are strong-willed. (Will+) [potion of
                  | mutation]
  2947 | D:3      | Gained mutation: You are somewhat resistant to further
                  | mutation. [potion of mutation]
  2947 | D:3      | Gained mutation: Your magical capacity is low. (-10% MP)
                  | [potion of mutation]
  2947 | D:3      | Gained mutation: Your tail ends in a venomous barb. [potion
                  | of mutation]
  3192 | D:3      | Found a runed translucent door.
  3193 | D:3      | Noticed Crazy Yiuf
  3284 | D:4      | Found Ifiylith's Armour Boutique.
  3379 | D:4      | Reached XP level 6. HP: 45/51 MP: 8/8
  3486 | D:4      | Reached *** piety under Lugonu
  3624 | D:4      | Reached skill level 1 in Shields
  3912 | D:4      | Found a staircase to the Ecumenical Temple.
  3926 | Temple   | Entered the Ecumenical Temple
  3941 | D:4      | Reached XP level 7. HP: 40/58 MP: 10/10
  4259 | D:5      | Entered Level 5 of the Dungeon
  4605 | D:5      | Reached skill level 5 in Stealth
  4793 | D:5      | Noticed Menkaure
  4796 | D:5      | Killed Menkaure
  4797 | D:5      | Reached skill level 5 in Earth Magic
  4797 | D:5      | Reached XP level 8. HP: 68/68 MP: 10/11
  4910 | D:5      | Identified the +2 pair of gloves "Goyvvil" {rElec}
  4957 | D:4      | Bought a +2 buckler of protection for 279 gold pieces
  5082 | D:5      | Found Wianwimo's Antique Weapon Boutique.
  5312 | D:6      | Found an iron altar of Okawaru.
  5550 | D:6      | Found a glowing silver altar of Zin.
  5561 | D:6      | Reached **** piety under Lugonu
  5574 | D:6      | Found Efrach's General Store.
  5591 | D:6      | Bought a scroll of blinking for 90 gold pieces
  6116 | D:7      | Noticed a troll
  6222 | D:7      | Reached XP level 9. HP: 75/76 MP: 6/13
  6228 | D:7      | Learned a level 4 spell: Petrify
  6411 | D:7      | Killed a troll
  6412 | D:7      | Reached skill level 5 in Conjurations
  6552 | D:7      | Found an ancient bone altar of Kikubaaqudgha.
  6712 | D:7      | Noticed a troll
  6712 | D:7      | Noticed a cyclops
  7549 | D:8      | Identified the +4 falchion "Emac Zonn" {venom, Fly}
  7579 | D:8      | Noticed Pikel
  7583 | D:8      | Killed Pikel
  7584 | D:8      | Reached skill level 1 in Staves
  7584 | D:8      | Reached skill level 1 in Evocations
  7584 | D:8      | Reached XP level 10. HP: 85/85 MP: 13/14
  7724 | D:8      | Reached ***** piety under Lugonu
  8517 | D:6      | Bought the +0 robe "Ucemavun" {Will+ Int+2} for 210 gold
                  | pieces
  8583 | D:7      | Noticed a gargoyle
  8589 | D:7      | Killed a gargoyle
  8661 | D:7      | Noticed an unseen horror
  8665 | D:7      | Killed a cyclops
  8668 | D:7      | Killed an unseen horror
  8669 | D:7      | Reached skill level 5 in Invocations
  8859 | D:8      | Reached XP level 11. HP: 88/93 MP: 16/16
  9116 | D:8      | Found a staircase to the Lair.
  9212 | D:8      | Reached skill level 5 in Spellcasting
  9397 | D:7      | Noticed a cyclops
  9401 | D:7      | Killed a cyclops
  9418 | D:7      | Identified the +0 scale mail of Impatience {rF+ Will+ rCorr
                  | Int-4}
  9456 | D:7      | Reached skill level 5 in Fighting
  9628 | Lair:1   | Entered Level 1 of the Lair of Beasts
  9803 | Lair:1   | Learned a level 2 spell: Static Discharge
 10423 | Lair:1   | Identified the +8 broad axe of Purpose {elec, Dex+3}
 10618 | Lair:2   | Noticed a boulder beetle
 10736 | Lair:3   | Reached skill level 1 in Axes
 11158 | Lair:3   | Found a staircase to the Swamp.
 11189 | Lair:3   | Reached skill level 5 in Dodging
 11369 | Lair:3   | Noticed Fannar
 11376 | Lair:3   | Killed Fannar
 11377 | Lair:3   | Reached skill level 2 in Axes
 11516 | Lair:3   | Noticed a four-headed hydra
 11524 | Lair:3   | Killed a four-headed hydra
 11560 | Lair:3   | Reached skill level 3 in Axes
 12171 | Lair:3   | Noticed an oklob plant
 12314 | Lair:4   | Found a runed translucent gate.
 12314 | Lair:4   | Found a runed translucent gate.
 12314 | Lair:4   | Found a runed translucent gate.
 12315 | Lair:4   | Noticed Ablaaz's ghost (journeyman MfGl)
 12331 | Lair:3   | Noticed an oklob plant
 12331 | Lair:3   | Noticed an oklob plant
 12437 | Lair:4   | Reached XP level 12. HP: 100/104 MP: 18/18
 12442 | Lair:4   | Reached skill level 10 in Stealth
 12873 | Lair:4   | Reached skill level 4 in Axes
 13007 | Lair:4   | Identified the +3 hand axe "Kamn" {vorpal, Str+9}
 13176 | Lair:4   | Reached skill level 1 in Air Magic
 13182 | Lair:4   | Learned a level 5 spell: Lightning Bolt
 13214 | Lair:4   | Identified the +6 spear "Hiclynip" {distort, rN+ Dex+4}
 13438 | Lair:4   | Noticed a six-headed hydra
 13446 | Lair:4   | Killed a six-headed hydra
 13547 | Lair:4   | Found a viscous altar of Jiyva.
 13547 | Lair:4   | Found a staircase to the Slime Pits.
 13566 | Lair:4   | Identified a scroll of acquirement
 13567 | Lair:4   | Acquired the +4 barding of Ceatem {rCorr}
 14125 | Lair:5   | Entered Level 5 of the Lair of Beasts
 14138 | Lair:5   | Reached skill level 5 in Axes
 14709 | Lair:5   | Noticed a catoblepas
 14718 | Lair:5   | Killed a catoblepas
 14805 | Lair:5   | Reached skill level 6 in Axes
 15038 | Lair:5   | Noticed an eight-headed hydra
 15052 | Lair:5   | Killed an eight-headed hydra
 15319 | Lair:5   | Reached skill level 5 in Air Magic
 15403 | Lair:5   | Gained mutation: You can use your snake-like lower body to
                  | constrict enemies. [Naga growth]
 15403 | Lair:5   | Reached XP level 13. HP: 111/111 MP: 6/19
 15864 | Lair:5   | Reached skill level 7 in Axes
 16069 | Lair:3   | Reached skill level 1 in Armour
 16261 | Lair:2   | Found a staircase to the Snake Pit.
 16799 | Lair:2   | Found a runed translucent gate.
 16800 | Lair:2   | Found a runed translucent gate.
 16801 | Lair:2   | Found a runed translucent gate.
 16996 | Lair:2   | Reached skill level 8 in Axes
 17198 | Lair:2   | Reached skill level 5 in Transmutations
 17633 | Lair:2   | Noticed ytrimaz's ghost (journeyman DsGl)
 18290 | D:9      | Noticed Grum
 18293 | D:9      | Killed Grum
 19124 | D:10     | Entered Level 10 of the Dungeon
 19319 | D:10     | Found a shimmering altar of Xom.
 19320 | D:10     | Found a bloodstained altar of Trog.
 19320 | D:10     | Found a burning altar of Makhleb.
 19321 | D:10     | Found a glowing golden altar of the Shining One.
 19321 | D:10     | Found a hide-covered altar of Uskayaw.
 19322 | D:10     | Found an ornate altar of the Wu Jian Council.
 19322 | D:10     | Found a sacrificial altar of Ru.
 19326 | D:10     | Reached ****** piety under Lugonu
 19373 | D:10     | Found a staircase to the Orcish Mines.
 19765 | D:10     | Found a shimmering blue altar of Sif Muna.
 20035 | Orc:1    | Entered Level 1 of the Orcish Mines
 20036 | Orc:1    | Found Qeumaje's Book Shoppe.
 20041 | Orc:1    | Reached skill level 9 in Axes
 20053 | Orc:1    | Bought a book of Transfigurations for 480 gold pieces
 20059 | Orc:1    | Learned a level 5 spell: Irradiate
 20265 | Orc:2    | Entered Level 2 of the Orcish Mines
 20429 | Orc:2    | Identified the +0 hat of Incorporation {rC+ SInv}
 20653 | Orc:2    | Found a staircase to the Elven Halls.
 21080 | Orc:2    | Reached XP level 14. HP: 120/120 MP: 13/22
 21614 | Orc:2    | Reached skill level 10 in Axes
 21856 | Orc:2    | Found Seggeihi's Antique Weapon Boutique.
 21856 | Orc:2    | Found Fucwag's General Store.
 21858 | Orc:2    | Found Faurissi's Antique Weapon Boutique.
 21858 | Orc:2    | Found Iras's Book Shoppe.
 21867 | Orc:2    | Bought a book of the Earth for 432 gold pieces
 21874 | Orc:2    | Learned a level 6 spell: Statue Form
 21876 | Orc:2    | Bought a potion of resistance for 150 gold pieces
 22078 | D:11     | Noticed Snorg
 22088 | D:11     | Killed Snorg
 23421 | D:11     | Found a portal to a secret trove of treasure.
 24118 | D:12     | Noticed Azrael
 24134 | D:12     | Banished Azrael
 25329 | D:13     | Reached skill level 11 in Axes
 26423 | D:14     | Found a runed translucent door.
 26424 | D:14     | Noticed jlumianski's ghost (journeyman GrGl)
 26622 | D:14     | Found a gate to the Vaults.
 26722 | D:14     | Reached XP level 15. HP: 111/129 MP: 23/23
 26805 | D:14     | Noticed Frances
 27314 | D:15     | Entered Level 15 of the Dungeon
 27381 | D:15     | Found Fotena Vuank's Book Emporium.
 27405 | D:15     | Found a frozen archway.
 27405 | D:15     | Noticed an azure jelly
 27417 | D:15     | Killed an azure jelly
 27776 | D:15     | Reached skill level 10 in Earth Magic
 27822 | D:15     | Corrupted D:15
 27823 | D:15     | Killed from afar by a meliai

Illustrated notes

Levels and vault maps discovered:
D:1:      saegor_arrival_fortress, layout_rooms
D:2:      layout_basic, hellmonk_ecumenical_altar_leap_of_faith,
          minmay_octomino_e4
D:3:      layout_rooms, uniq_crazy_yiuf_cottage
D:4:      layout_basic, minmay_temple_entry_waves, serial_shops,
          nicolae_diamond_shop
D:5:      layout_basic, serial_shops, nicolae_lakefront_shop, uniq_menkaure
D:6:      layout_cave_pools, okawaru_ov_weapons_minmay,
          mainiacjoe_overflow_chevrons, serial_shops, shop
D:7:      minmay_the_grid_octo_tiled_octocenter
          [minmay_the_grid_octo_fan_narrow, minmay_the_grid_octo_clover,
          minmay_the_grid_octo_vomiting_pacman, minmay_the_grid_octo_chip,
          minmay_the_grid_octo_prize_big_c, minmay_the_grid_square_5x5_lines,
          minmay_the_grid_square_5x5_inner_v, minmay_the_grid_square_5x5_n,
          minmay_the_grid_square_5x5_inverted_slash], layout_rooms,
          feat_on_display
D:8:      layout_loops_ring, due_lair_maze_entry_diamond, uniq_pikel
D:9:      layout_stronghold, minmay_stone_trees_small, uniq_grum
D:10:     layout_roguey, lemuel_tele_altar, grunt_temple_overflow_open,
          hiddenorc2_lemuel
D:11:     layout_loops_corners, nicolae_trove_entry_diagonal,
          minmay_misc_feat_plants, kennysheep_flooded_box,
          wad_floor_pattern_untrapped, uniq_snorg
D:12:     layout_roguey, st_stairs_12, uniq_azrael
D:13:     layout_irregular_city, minmay_misc_feat_iff, kennysheep_generic_room_2
D:14:     layout_rooms, erik_vaults_1, serial_rivers,
          chequers_serial_rivers_marsh, chequers_serial_rivers_room_b,
          chequers_serial_rivers_room_a, chequers_serial_rivers_large_b,
          chequers_serial_rivers_room_b, abandoned_shop, gammafunk_ghost_grave,
          chequers_serial_rivers_room_b, uniq_frances
D:15:     hangedman_depths_entry_civil_slaughter, layout_loops_ring,
          serial_shops, nicolae_shop_trees, portal_ice_cave_entry_frozen_things,
          vehumet_altar_wand_db
Temple:   nicolae_temple_no_exploring_needed
Lair:1:   layout_regular_city, st_stairs_12
Lair:2:   hellmonk_ruined_rings, layout_concentric_octagons, dummy_snake_entry,
          gammafunk_ghost_icy, grunt_forest_small_clearings
Lair:3:   dpeg_oklob_gauntlet, layout_long_grid, swamp_mist, uniq_fannar
Lair:4:   layout_gridlike, slime_entry_1, gammafunk_ghost_split,
          kennysheep_abandoned_house
Lair:5:   hangedman_lair_caniforms_friends, layout_loops_ring
Orc:1:    layout_caves, serial_shops, shop, basic_altar
Orc:2:    grunt_orc_tribal_feast, layout_diamond_mine, hangedman_minor_magic

Skill      XL: |  1  2  3  4  5  6  7  8  9 10 11 12 13 14 15 |
---------------+----------------------------------------------+-----
Dodging        | 2 3 4 5 |  5.4
Conjurations   | 1 2 3 4 5 6 8 9 |  9.4
Fighting       | 1 2 3 4 5 6 7 |  7.3
Stealth        | 4 5 6 7 8 9 10 | 10.1
Invocations    | 1 2 3 4 5 6 |  6.5
Earth Magic    | 4 5 7 9 10 | 10.0
Shields        | 1 2 3 4 |  4.0
Spellcasting   | 3 4 5 7 |  7.6
Staves         | 1 2 3 |  3.9
Evocations     | 1 2 3 |  3.9
Transmutations | 3 6 8 |  8.9
Axes           | 3 6 9 11 | 11.6
Air Magic      | 5 |  5.2
Armour         | 3 4 |  4.1

Action                   |  1- 3 |  4- 6 |  7- 9 | 10-12 | 13-15 || total
-------------------------+-------+-------+-------+-------+-------++-------
Melee: Unarmed           |     3 |       |       |       |       ||     3
       Short sword       |    18 |       |       |       |       ||    18
       Whip              |       |    43 |    86 |    23 |       ||   152
       Staff             |       |       |       |    37 |     5 ||    42
       Broad axe         |       |       |       |     7 |   428 ||   435
       Hand axe          |       |       |       |    29 |    65 ||    94
       Constrict         |       |       |       |       |    91 ||    91
 Cast: Sandblast         |    48 |    73 |    21 |       |       ||   142
       Stone Arrow       |       |       |    89 |   269 |   290 ||   648
       Passwall          |       |       |       |     9 |    12 ||    21
       Statue Form       |       |       |       |       |     2 ||     2
Invok: Bend Space        |       |     1 |       |     1 |     1 ||     3
       Banish            |       |       |       |       |     1 ||     1
       Corrupt           |       |       |       |       |     1 ||     1
 Abil: Spit Poison       |     7 |     4 |     4 |    11 |     6 ||    32
Evoke: Lightning rod     |       |       |       |     3 |       ||     3
  Use: Scroll            |     2 |    10 |     3 |     6 |     8 ||    29
       Potion            |       |     4 |     1 |     7 |     1 ||    13
 Stab: Sleeping          |     1 |       |     3 |     4 |    23 ||    31
       Invisible         |       |       |       |       |     2 ||     2
Armor: Robe              |    15 |    41 |    32 |   105 |   337 ||   530
       Skin              |       |       |       |       |    42 ||    42
Dodge: Dodged            |    21 |    33 |    46 |   125 |   374 ||   599
Block: Buckler           |       |    11 |    26 |    72 |   216 ||   325

Table legend: (Time is in decaauts)
 A = Elapsed time spent in this place.
 B = Non-inter-level travel time spent in this place.
 C = Inter-level travel time spent in this place.
 D = Time resting spent in this place.
 E = Time spent auto-exploring this place.
 F = Levels seen in this place.
 G = Mean time per level.
                   A        B        C        D        E       F      G
               +--------+--------+--------+--------+--------+-----+--------+
         Total |  32914 |  31325 |   1589 |   9965 |  16350 |  23 | 1431.0 |
       Dungeon |  21146 |  20085 |   1061 |   5831 |  11066 |  15 | 1409.7 |
        Temple |      1 |      1 |      0 |      0 |      0 |   1 |    1.0 |
          Lair |   9470 |   8984 |    486 |   3094 |   4559 |   5 | 1894.0 |
  Orcish Mines |   2296 |   2255 |     41 |   1040 |    724 |   2 | 1148.0 |
               +--------+--------+--------+--------+--------+-----+--------+

Top non-repeatable levels by time:
  Lair:4: 2178 daAuts
  Lair:3: 2145 daAuts
     D:7: 2100 daAuts
  Lair:5: 2072 daAuts
   Orc:2: 1986 daAuts
     D:8: 1954 daAuts
    D:13: 1890 daAuts
    D:11: 1871 daAuts
  Lair:2: 1831 daAuts
     D:9: 1693 daAuts
    D:12: 1614 daAuts
     D:3: 1549 daAuts
     D:1: 1308 daAuts
     D:4: 1297 daAuts
  Lair:1: 1242 daAuts
